 Dungeon Crawl Stone Soup version 0.29-a0-1033-gb6c65ffae6 (webtiles) character file.

Game seed: 651916848246575744

109 voltaire321 the Sneak (level 4, -8/28 HPs)
             Began as an Octopode Hedge Wizard on Aug 15, 2022.
             Mangled by an orc
             ... wielding a +0 war axe
              (11 damage)
             ... on level 2 of the Dungeon.
             The game lasted 00:13:03 (3737 turns).

voltaire321 the Sneak (Octopode Hedge Wizard)       Turns: 3737, Time: 00:13:03

Health: -8/28      AC:  1    Str: 15    XL:     4   Next: 89%
Magic:  8/8        EV: 13    Int: 18    God:
Gold:   95         SH:  5    Dex: 11    Spells: 1/9 levels left

rFire   . . .      SeeInvis .   m - +2 dagger of the Pillar {speed, rElec Str+6 Stlth+}
rCold   . . .      Faith    .   (no shield)
rNeg    . . .      Spirit   .   b - +0 hat
rPois   +          Reflect  +   q - amulet of reflection
rElec   +          Harm     .   s - ring of poison resistance
rCorr   .          Rampage  .   (no ring)
Will    .....                   (no ring)
Stlth   ++++......              (no ring)
HPRegen 0.09/turn               (no ring)
MPRegen 0.11/turn               (no ring)
                                (no ring)
                                (no ring)

@: no status effects
A: almost no armour, amphibious, 8 rings, camouflage 1, gelatinous body 1,
(nimble swimmer 1), tentacles
a: no special abilities


You were on level 2 of the Dungeon.
You visited 1 branch of the dungeon, and saw 4 of its levels.

You collected 95 gold pieces.

Inventory:

Hand Weapons
 h - a +2 dagger of electrocution
 m - the +2 dagger of the Pillar (weapon) {speed, rElec Str+6 Stlth+}
   (You found it on level 2 of the Dungeon)

   Attacks with this weapon are significantly faster.
   Str:       It affects your strength (+6).
   rElec:     It insulates you from electricity.
   Stlth:     It makes you more stealthy.
Armour
 b - a +0 hat (worn)
 f - a +0 kite shield
Jewellery
 q - an amulet of reflection (around mantle)
 s - a ring of poison resistance (left tentacle)
Scrolls
 d - a scroll of magic mapping
 e - a scroll of fog {unknown}
 i - a scroll of teleportation
 k - 2 scrolls of enchant weapon
 p - a scroll of vulnerability {unknown}
 r - 2 scrolls of poison {unknown}
Potions
 a - a potion of mutation
 c - a potion of magic
 g - 4 potions of flight
 j - 2 potions of curing
 l - a potion of resistance
 n - a potion of degeneration {unknown}
 o - a potion of brilliance {unknown}


   Skills:
 + Level 1.0 Fighting
 + Level 2.5 Dodging
 + Level 3.4 Stealth
 + Level 1.1 Shields
 + Level 3.3 Spellcasting
 + Level 2.0 Conjurations
 + Level 1.5 Summonings
 + Level 1.7 Translocations


You had one spell level left.
You knew the following spells:

 Your Spells              Type           Power      Damage    Failure   Level
a - Magic Dart            Conj           40%        1d5       7%          1
b - Call Imp              Summ           8%         N/A       13%         2
c - Blink                 Tloc           18%        N/A       12%         2
d - Call Canine Familiar  Summ           8%         N/A       26%         3

Your spell library contained the following spells:

 Spells                   Type           Power      Damage    Failure   Level
 Summon Small Mammal      Summ           32%        N/A       9%          1
 Slow                     Hex            8%         N/A       16%         1
 Conjure Flame            Conj/Fire      6%         6-21      30%         3
 Mephitic Cloud           Conj/Pois/Air  5%         N/A       34%         3
 Summon Guardian Golem    Hex/Summ       5%         N/A       34%         3


Dungeon Overview and Level Annotations

Branches:
Dungeon (4/15)
 Temple: D:4-7

Altars:
Hepliaklqana

Shops:
D:1 :


Innate Abilities, Weirdness & Mutations

You cannot wear most types of armour.
You are amphibious.
You can wear up to eight rings at the same time.
Your skin changes colour to match your surroundings (Stealth+).
Your rubbery body absorbs attacks. (AC +1, EV +1)
((You are camouflaged when in or above water. (Stealth+)))
You have tentacles for arms and can constrict up to eight enemies at once.


Message History

Press: ? - help, Shift-Dir - straight line, f/p - orc
Aim: an orc, wielding a +0 club, wearing a +0 leather armour and quivering boomerangs (almost dead, ally target, 100% to hit)
The magic dart hits the orc.
You kill the orc!
You feel sick.
You are no longer poisoned.
Your crimson imp completely misses the orc.
Your crimson imp blinks!
Your crimson imp is smitten.
There is a stone staircase leading up here.
You climb upwards.
There is a stone staircase leading down here.
You start resting.
Magic restored.
You start resting.
HP restored.
You climb downwards.
The orc hits you with a +0 flail. The orc hits you with a +0 club.
The orc misses you. The orc hits you with a +0 club.
The orc barely misses you. x2
There is a stone staircase leading up here.
The orc closely misses you. x2; The orc hits you with a +0 flail!
You climb upwards.
There is a stone staircase leading down here.
The orc attacks as you move away! The orc closely misses you.
The orc hits you with a +0 flail!
* * * LOW HITPOINT WARNING * * *
The orc barely misses you. The orc attacks as you move away!
The orc misses you. The orc attacks as you move away!
You block the orc's attack. The orc attacks as you move away!
You block the orc's attack. The orc attacks as you move away!
The orc hits you with a +0 war axe.
* * * LOW HITPOINT WARNING * * *
There is a stone staircase leading down here.
There is a stone staircase leading up here.
The orc barely misses you.
You climb upwards.
There is a stone staircase leading down here.
You barely miss the orc. Your grab misses the orc. Your squeeze misses the orc.
The orc hits you with a +0 war axe!
You die...

...# #.# ##.#
##.##### ##.#
#......#
.#.######
#..###.#
.#......#
#..###.#
........#
###...##.#
........#
#.....##.#
........#
#.#.####.#
.##.....#
#.#.o@...#
.##.#####
#.########
###.# #.#
....# #.#
##### #.# #.#
#.#
############.#
.............#


You could see an orc.

Vanquished Creatures
  A gnoll (D:1)
  A worm (D:3)
  A dart slug (D:1)
  4 orcs
  6 bats
  2 endoplasms (D:1)
  3 giant cockroaches (D:2)
  12 goblins
  7 hobgoblins
  8 ball pythons
  A frilled lizard (D:1)
  6 kobolds
  4 rats
56 creatures vanquished.

Vanquished Creatures (collateral kills)
  Robin (D:3)
  A worm (D:2)
  3 orcs (D:3)
  An endoplasm (D:3)
  A giant cockroach (D:4)
  5 goblins (D:3)
  A kobold (D:4)
  A ball python (D:3)
  A rat (D:3)
15 creatures vanquished.

Grand Total: 71 creatures vanquished

Notes
Turn   | Place    | Note
-------+----------+-------------------------------------------
     0 | D:1      | voltaire321 the Octopode Hedge Wizard began the quest for
                  | the Orb.
     0 | D:1      | Reached XP level 1. HP: 11/11 MP: 4/4
    18 | D:1      | Reached XP level 2. HP: 9/18 MP: 1/6
   781 | D:1      | Found Hamac's Book Emporium.
   846 | D:1      | Reached XP level 3. HP: 22/22 MP: 7/7
  1066 | D:1      | Learned a level 2 spell: Call Imp
  1069 | D:1      | Learned a level 2 spell: Blink
  1239 | D:1      | Found a faded altar of an unknown god.
  1521 | D:2      | Identified the +2 dagger of the Pillar {speed, rElec Str+6
                  | Stlth+}
  1589 | D:2      | Found a hazy altar of Hepliaklqana.
  2248 | D:3      | Noticed Robin
  2262 | D:3      | Killed Robin
  2263 | D:3      | Reached XP level 4. HP: 26/27 MP: 2/8
  2292 | D:3      | Reached skill level 1 in Fighting
  2847 | D:3      | Reached skill level 1 in Shields
  3308 | D:3      | Learned a level 3 spell: Call Canine Familiar
  3737 | D:2      | Mangled by an orc

Illustrated notes

Levels and vault maps discovered:
D:1:      amcnicky_arrival_single_pillar, layout_basic, basic_ecumenical_altar,
          serial_shops, shop_statue, minmay_misc_feat_hallway
D:2:      layout_loops_cross, basic_altar
D:3:      layout_loops_ring, uniq_robin
D:4:      layout_basic, mainiacjoe_overflow_surrounded_room

Skill      XL: |  1  2  3  4 |
---------------+-------------+-----
Stealth        | 3 |  3.4
Fighting       | 1 |  1.0
Conjurations   | 2 |  2.0
Shields        | 1 |  1.1
Dodging        | |  2.5
Spellcasting   | |  3.3
Summonings     | |  1.5
Translocations | |  1.7

Action                   |  1- 3 |  4- 6 || total
-------------------------+-------+-------++-------
Melee: Dagger            |    59 |    18 ||    77
       Constrict         |    13 |     2 ||    15
       Tentacles         |    10 |     3 ||    13
 Cast: Magic Dart        |    38 |    45 ||    83
       Call Imp          |     2 |     5 ||     7
  Use: Scroll            |     6 |     2 ||     8
 Stab: Sleeping          |     6 |       ||     6
Armor: Skin              |       |     1 ||     1
Dodge: Dodged            |    24 |    18 ||    42
Block: Kite shield       |     5 |       ||     5
       Other             |       |     3 ||     3

Table legend: (Time is in decaauts)
 A = Elapsed time spent in this place.
 B = Non-inter-level travel time spent in this place.
 C = Inter-level travel time spent in this place.
 D = Time resting spent in this place.
 E = Time spent auto-exploring this place.
 F = Levels seen in this place.
 G = Mean time per level.
                   A        B        C        D        E       F      G
               +--------+--------+--------+--------+--------+-----+--------+
         Total |   3735 |   3578 |    157 |    697 |   2219 |   4 |  933.8 |
       Dungeon |   3735 |   3578 |    157 |    697 |   2219 |   4 |  933.8 |
               +--------+--------+--------+--------+--------+-----+--------+

Top non-repeatable levels by time:
     D:3: 1456 daAuts
     D:1: 1379 daAuts
     D:2: 755 daAuts
     D:4: 144 daAuts
